 Dungeon Crawl Stone Soup version 0.26.0-45-g9c1d065592 (webtiles) character file.

Game seed: 12244196420989617207

53 kaeus the Sneak (level 3, -7/22 HPs)
             Began as an Octopode Venom Mage on Jan 30, 2021.
             Killed by divine providence
             ... invoked by an orc priest
              (16 damage)
             ... on level 2 of the Dungeon.
             The game lasted 00:01:51 (1633 turns).

kaeus the Sneak (Octopode Venom Mage)               Turns: 1633, Time: 00:01:52

Health: -7/22      AC:  1    Str:  7    XL:     3   Next: 87%
Magic:  1/6        EV: 13    Int: 18    God:
Gold:   109        SH:  0    Dex: 12    Spells: 2/6 levels left

rFire    . . .     SeeInvis .   a - -2 dagger (curse)
rCold    . . .     Faith    .   (no shield)
rNeg     . . .     Spirit   .   (helmet restricted)
rPois    .         Reflect  .   (no amulet)
rElec    .         Harm     .   (no ring)
rCorr    .         Rampage  .   (no ring)
Will     .....                  (no ring)
Stlth    +++.......             (no ring)
HPRegen  0.07/turn              (no ring)
MPRegen  0.10/turn              (no ring)
                                (no ring)
                                (no ring)

@: no status effects
A: almost no armour, stealthy swim, amphibious, 8 rings, constrict 8, camouflage
1, gelatinous body 1
a: no special abilities


You were on level 2 of the Dungeon.
You visited 1 branch of the dungeon, and saw 2 of its levels.

You collected 109 gold pieces.

Inventory:

Hand Weapons
 a - a cursed -2 dagger (weapon)
Scrolls
 b - 3 scrolls of remove curse {unknown}
 f - a scroll of magic mapping {unknown}
 i - a scroll of teleportation {unknown}
 j - a scroll of random uselessness {unknown}
Potions
 c - a potion of might {unknown}
 d - a potion of flight {unknown}
 e - a potion of heal wounds {unknown}
 g - a potion of berserk rage {unknown}
 h - a potion of haste {unknown}


   Skills:
 + Level 0.3 Fighting
 - Level 2.0 Dodging
 * Level 4.2 Stealth
 + Level 2.3 Spellcasting
 + Level 1.7 Transmutations
 + Level 0.1 Fire Magic
 - Level 4.0 Poison Magic


You had 2 spell levels left.
You knew the following spells:

 Your Spells              Type           Power        Failure   Level
a - Sting                 Tmut/Pois      48%          5%          1
b - Mephitic Cloud        Conj/Pois/Air  6%           30%         3

Your spell library contained the following spells:

 Spells                   Type           Power        Failure   Level
 Poisonous Vapours        Pois/Air       18%          12%         2
 Ignite Poison            Fire/Tmut/Pois 9%           24%         3
 Olgreb's Toxic Radiance  Pois           16%          32%         4


Dungeon Overview and Level Annotations

Branches:
Dungeon (2/15)

Altars:


Innate Abilities, Weirdness & Mutations

You cannot wear most types of armour.
You are very stealthy in the water. (Stealth+)
You are amphibious.
You can wear up to eight rings at the same time.
You can use your tentacles to constrict eight enemies at once.
Your skin changes colour to match your surroundings (Stealth+).
Your rubbery body absorbs attacks. (AC +1, EV +1)


Message History

There are monsters nearby!
You hit the goblin. Your grab misses the goblin.
Your squeeze misses the goblin.
The goblin is severely wounded.
The orc priest hits you from afar with a +0 trident.
The goblin hits you.
There are monsters nearby!
You take 7 damage, and have 15/22 hp.
MASSIVE DAMAGE!!
You closely miss the goblin. Your grab misses the goblin.
The goblin is severely wounded.
The orc barely misses you. The goblin closely misses you.
The orc priest hits you from afar with a +0 trident.
There are monsters nearby!
You take 6 damage, and have 9/22 hp.
MASSIVE DAMAGE!!
You are too injured to fight recklessly!
There are monsters nearby!
The orc priest invokes the aid of Beogh against you.
Beogh smites you!
Ouch! That really hurt!
You die...

#.##.##..........
#.##............#
#.####..##......# #.#
###........# #.#
##......o.#.#
##.###......#)...#
#.........###o#..#
###..........##..).# ...
#............###@..# ... ...
..#..........# #...## $⌠o
#... ###..........#
#....#######....
........<....#
#..#............
.##........>.#
#..............
.##..........####.###......#
###.......................#
.##.................<.....#
>.............###.........##


You could see an orc priest (very poisoned) and an orc.

Vanquished Creatures
  An ooze (D:1)
  2 worms (D:2)
  2 dart slugs (D:1)
  3 orcs (D:2)
  4 giant cockroaches
  2 goblins (D:1)
  6 hobgoblins
  5 jackals (D:1)
  A kobold (D:1)
  3 bats (D:2)
  A frilled lizard (D:2)
  2 rats (D:1)
32 creatures vanquished.

Vanquished Creatures (others)
  A dart slug (D:1)
  A goblin (D:1)
2 creatures vanquished.

Grand Total: 34 creatures vanquished

Notes
Turn   | Place    | Note
-------+----------+-------------------------------------------
     0 | D:1      | kaeus the Octopode Venom Mage began the quest for the Orb.
     0 | D:1      | Reached XP level 1. HP: 11/11 MP: 3/3
   344 | D:1      | Reached XP level 2. HP: 17/17 MP: 1/5
   599 | D:1      | Reached XP level 3. HP: 20/21 MP: 3/6
  1391 | D:2      | Learned a level 3 spell: Mephitic Cloud
  1633 | D:2      | Killed from afar by an orc priest

Illustrated notes

Levels and vault maps discovered:
D:1:      ebering_trefoil_twist, layout_loops_ring, lemuel_old_faithful
D:2:      cheibrodos_pilgrimage, layout_rooms

Skill      XL: |  1  2  3 |
---------------+----------+-----
Stealth        | 3 4 |  4.2
Poison Magic   | 4 |  4.0
Fighting       | |  0.3
Dodging        | |  2.0
Spellcasting   | |  2.3
Transmutations | |  1.7
Fire Magic     | |  0.1

Action                   || total
-------------------------++-------
Melee: Dagger            ||    64
       Constrict         ||    17
       Tentacles         ||    10
       Unarmed           ||     1
 Cast: Sting             ||    44
Armor: Skin              ||     4
Dodge: Dodged            ||    35
